 Dungeon Crawl Stone Soup version 0.29.1-12-g30fa7ad0bf (webtiles) character file.

Game seed: 6274491229861096342

185747 javelincjr the Sorcerer (level 19, -6/121 HPs)
             Began as a Djinni Conjurer on Dec 10, 2022.
             Was the Champion of Qazlal.
             Shot with an arrow by a deep elf master archer (22 damage)
             ... on level 3 of the Elven Halls on Dec 12, 2022.
             The game lasted 07:52:33 (42971 turns).

javelincjr the Sorcerer (Djinni Conjurer)          Turns: 42971, Time: 07:52:34

Health: -6/121     AC: 15    Str:  1    XL:     19   Next: 15%
Gold:   1656       EV: 12    Int: 33    God:    Qazlal [******] SH:  8 Dex: 11

rFire   + + +      SeeInvis +   a - +10 hand axe "Dragon's Nightmare" {drain, Will+}
rCold   . . .      Faith    +   V - orb {mayhem}
rNeg    + + .      Spirit   .   n - +1 troll leather armour
rPois   ∞          Reflect  .   M - +2 hat of Dishonour {rF+ rC+ rN++ Stlth-}
rElec   +          Harm     .   J - +2 cloak
rCorr   +          Rampage  .   A - +2 pair of gloves
Will    ++...      Clarity  +   (boots unavailable)
Stlth   +.........              T - amulet "Waabb" {Faith +Inv rElec rF+}
HPRegen 1.10/turn               H - ring "Qegism" {rCorr Str-3 Slay+4 SInv}
MPRegen 0.00/turn               y - +6 ring of intelligence

@: flying, repel missiles
A: sickness immunity, fire resistance 2, cold vulnerability 1, float, innate
caster, HP casting, extra vitality 1, clarity, clumsy 1, weak 1
a: Renounce Religion, Evoke Invisibility, Upheaval, Elemental Force, Disaster
Area


You were on level 3 of the Elven Halls.
You worshipped Qazlal.
Qazlal was exalted by your worship.
You visited 5 branches of the dungeon, and saw 26 of its levels.
You also visited: Ossuary and Bailey.

You collected 3308 gold pieces.
You spent 1652 gold pieces at shops.

Inventory:

Hand Weapons
 a - the +10 hand axe "Dragon's Nightmare" (weapon) {drain, Will+}
   (You found it on level 12 of the Dungeon)

   A truly terrible weapon, it drains the life of any living foe it strikes.
   Will:      It increases your willpower.
 b - the +8 glaive of Wealth {vorpal, rElec rPois rF- Str+4}
   (You took it off a tengu warrior on level 12 of the Dungeon)

   It inflicts extra damage upon your enemies.
   Str:       It affects your strength (+4).
   rF:        It makes you vulnerable to fire.
   rElec:     It insulates you from electricity.
   rPois:     It protects you from poison.
 d - a +5 dire flail of holy wrath
Missiles
 c - 24 boomerangs (quivered)
 m - 260 stones
 o - 3 silver boomerangs
 F - 6 atropa-tipped darts
 K - 6 curare-tipped darts
Armour
 n - a +1 troll leather armour (worn)
 A - a +2 pair of gloves (worn)
 J - a +2 cloak (worn)
 M - the +2 hat of Dishonour (worn) {rF+ rC+ rN++ Stlth-}
   (You acquired it on level 1 of the Elven Halls)

   rF:        It protects you from fire.
   rC:        It protects you from cold.
   rN:        It greatly protects you from negative energy.
   Stlth:     It makes you less stealthy.
 V - an orb of mayhem (worn)
Magical Staves
 f - a staff of death
Jewellery
 j - a ring of willpower
 p - a ring of positive energy
 u - an amulet of regeneration
 v - a ring of wizardry
 y - a +6 ring of intelligence (right hand)
 H - the ring "Qegism" (left hand) {rCorr Str-3 Slay+4 SInv}
   (You found it on level 8 of the Dungeon)

   [ring of slaying]

   Str:       It affects your strength (-3).
   Slay:      It affects your accuracy & damage with ranged weapons and melee
   (+4).
   SInv:      It lets you see invisible.
   rCorr:     It protects you from acid and corrosion.
 T - the amulet "Waabb" (around neck) {Faith +Inv rElec rF+}
   (You bought it in a shop on level 3 of the Elven Halls)

   [amulet of faith]

   It allows you to gain divine favour quickly.
   rF:        It protects you from fire.
   rElec:     It insulates you from electricity.
   +Inv:      It lets you turn invisible.
 W - an amulet of the acrobat
Wands
 k - a wand of digging (11)
 B - a wand of flame (41)
 D - a wand of mindburst (8)
 G - a wand of polymorph (6)
 I - a wand of paralysis (18)
 Y - a wand of acid (6)
 Z - a wand of roots (8)
Scrolls
 g - 11 scrolls of identify
 h - 4 scrolls of fear
 i - 5 scrolls of silence
 r - 14 scrolls of teleportation
 t - 2 scrolls of magic mapping
 w - 3 scrolls of butterflies
 E - 2 scrolls of blinking
 X - 6 scrolls of summoning
Potions
 e - a potion of invisibility
 l - 11 potions of curing
 s - 2 potions of haste
 x - 7 potions of might
 z - a potion of cancellation
 N - 3 potions of mutation
 P - 2 potions of heal wounds
 Q - a potion of resistance
 S - a potion of brilliance
Miscellaneous
 q - a condenser vane
 C - a box of beasts
 L - a phial of floods
 O - a piece from Xom's chessboard (15/15)
 R - a phial of floods
 U - a condenser vane


   Skills:
 + Level 6.3 Fighting
 + Level 1.8 Short Blades
 + Level 3.7(4.1) Axes
 + Level 2.4(3.4) Polearms
 + Level 4.2 Throwing
 + Level 7.8 Armour
 + Level 10.4 Dodging
 + Level 6.5 Stealth
 + Level 3.3 Shields
 + Level 21.4 Spellcasting
 + Level 1.6 Evocations


You had 9 spell levels left.
You knew the following spells:

 Your Spells              Type           Power      Damage    Failure   Level
a - Magic Dart            Conj           100%       1d8       0%          1
b - Searing Ray           Conj           100%       2d8       0%          2
c - Dazzling Flash        Conj/Hex       100%       N/A       0%          3
d - Fulminant Prism       Conj/Hex       54%        3d23      0%          4
e - Iskenderun's Mystic   Conj/Tloc      100%       2d19      0%          4
f - Slow                  Hex            100%       N/A       0%          1
g - Static Discharge      Conj/Air       100%       3-16/arc  0%          2
h - Passwall              Tmut/Erth      90%        N/A       0%          2
i - Olgreb's Toxic Radia  Pois           100%       N/A       0%          4
j - Dispel Undead         Necr           100%       3d31      0%          4
k - Summon Mana Viper     Hex/Summ       100%       N/A       0%          5
l - Eringya's Noxious Bo  Tmut/Pois      54%        N/A       1%          6
m - Ozocubu's Refrigerat  Ice            54%        4d19      1%          7
n - Iron Shot             Conj/Erth      54%        9d10      1%          6
Your spell library was empty.

Dungeon Overview and Level Annotations

Branches:
Dungeon (15/15)            Temple (1/1) D:6            Lair (5/5) D:10
  Swamp (0/4) Lair:3        Snake (0/4) Lair:2        Slime (0/5) Lair:4
    Orc (2/2) D:9             Elf (3/3) Orc:2        Vaults (0/5) D:14
 Depths (0/4) D:15        Ossuary (visited)          Bailey (visited)

Altars:
Ashenzari
Cheibriados
Dithmenos
Elyvilon
Fedhas
Gozag
Hepliaklqana
Makhleb
Nemelex Xobeh
Okawaru
Qazlal
Ru
Trog
Uskayaw
Wu Jian
Xom
Yredelemnul
Zin
The Shining One
Jiyva
Lugonu

Shops:
D:9 (   Orc:2 ([*:   Elf:2 =   Elf:3 =

Portals:
Abyss: Elf:1 Lair:5

Annotations:
D:10 3 runed translucent doors
Elf:1 2 transporters, SirLogeyBear's ghost, journeyman HOBe


Innate Abilities, Weirdness & Mutations

You are immune to sickness and miasma.
You are immune to poison.
Your flesh is very heat resistant. (rF++)
You are vulnerable to cold. (rC-)
You float through the air rather than walking.
You learn spells naturally, not from books.
Your magical power is your life essence.
You have superior vitality. (+4 MHP)
You possess an exceptional clarity of mind.
You are clumsy. (Dex -2)
You are weak. (Str -2)


Message History

You feel weaker.
Casting: Fulminant Prism (safe; 0% risk of failure)
Confirm with . or Enter, or press ? or * to list all spells.
Aiming: Magic Dart (safe; 0% risk of failure)
Press: ? - help, Shift-Dir - straight line, f - deep elf demonologist
Aim: a deep elf demonologist, wielding a +4 war axe of pain (almost dead, ally target, 100% to hit)
The magic dart hits the deep elf demonologist.
The deep elf demonologist is almost dead.
You hear a shout!
Your fulminant prism crackles loudly.
Casting: Magic Dart (safe; 0% risk of failure)
Confirm with . or Enter, or press ? or * to list all spells.
Aiming: Magic Dart (safe; 0% risk of failure)
Press: ? - help, Shift-Dir - straight line, f/p - deep elf demonologist
Aim: a deep elf demonologist, wielding a +4 war axe of pain (almost dead, ally target, 100% to hit)
The magic dart hits the deep elf demonologist.
You kill the deep elf demonologist!
Qazlal accepts your kill.
The neqoxec disappears in a puff of smoke!
A deep elf high priest comes into view. It is wielding a +0 short sword.
The deep elf master archer shoots an arrow.
The arrow hits you.
Your fulminant prism explodes!
The blast of energy engulfs the deep elf master archer!!!
The deep elf master archer is severely wounded.
Casting: Magic Dart (safe; 0% risk of failure)
Confirm with . or Enter, or press ? or * to list all spells.
Aiming: Fulminant Prism (safe; 0% risk of failure)
Press: ? - help, Dir - move target You conjure a prism of explosive energy!
A fulminant prism comes into view.
The deep elf master archer shoots an arrow.
The arrow hits you!!
* * * LOW HITPOINT WARNING * * *
The deep elf master archer shoots an arrow.
The arrow hits you!
* * * LOW HITPOINT WARNING * * *
The deep elf master archer shoots an arrow.
The arrow hits you!!
You die...

.......8.....# ##.....!
..............# ##'.....
.............!.###.##...#
8.......^.......#.####'##
................## #.#
...............## #.##
+##..§°..###.## ##+##
#+..☼.☼○°##.## ##...#
##.....@...+# ##.....
#....○§.....# ##......
#......§☼°..# #.......
#........)*.+ +.......
#.........))# #.......
#....<.∩.<.e# ##......
##.........e## #+.....
##.......##)####.##...#
##.....####..#.####+##


You could see a deep elf master archer (ally target), a deep elf high priest and
a friendly fulminant prism.

Vanquished Creatures
  3 deep elf blademasters
  A fire giant (shapeshifter) (Lair:5)
  The ghost of sanboga the Brawler, a journeyman TrBe of Trog (Lair:5)
  Aizul (Elf:1)
  2 deep elf sorcerers
  The ghost of DandyGuy the Severer, a journeyman MiBe of Trog (Lair:4)
  An orc warlord (Bailey)
  2 deep elf elementalists (Elf:3)
  The ghost of Jingleheimer the Hill Orc Cataclysm, a journeyman HOGl of Qazlal (Lair:3)
  2 deep elf annihilators (Elf:3)
  3 deep elf demonologists
  3 deep elf death magi (Elf:3)
  Snorg (Lair:5)
  An ettin (Orc:1)
  The ghost of plokij the Carver, a journeyman MiFi of Okawaru (D:10)
  Fannar (Lair:2)
  Harold (D:11)
  2 boulder beetles (D:10)
  5 ogre magi
  9 hydras
  2 naga warriors (D:12)
  15 two-headed ogres
  2 catoblepae (D:10)
  4 centaur warriors
  30 dancing weapons
  6 tengu warriors
  The ghost of fishmans the Bludgeoner, a journeyman GrFi of Gozag (D:12)
  A death knight (D:14)
  Urug (Lair:2)
  2 orc high priests
  3 thrashing horrors (Lair:5)
  16 deep elf knights
  Nergalle (D:10)
  A titan skeleton (D:15)
  9 skeletal warriors
  A spectral death yak (Lair:5)
  2 large abominations (Lair:5)
  4 deep elf archers
  2 bog bodies (Lair:3)
  The ghost of SirLogeyBear the Cleaver, a novice HOBe of Trog (D:6)
  7 orc knights
  13 deep elf zephyrmancers
  2 necromancers
  A lindwurm (Lair:4)
  19 deep elf pyromancers
  3 orc sorcerers (Orc:2)
  3 wolf spider zombies (D:15)
  7 ugly things
  A manticore (D:13)
  4 cyclopes
  A wolf spider (D:10)
  12 elephants
  Maurice (D:8)
  A fire giant skeleton (D:15)
  A frost giant skeleton (D:15)
  4 black mambas
  A smoke demon (Lair:5)
  2 gargoyles (D:11)
  9 cane toads
  2 unseen horrors
  3 centaur skeletons (D:14)
  4 komodo dragons
  4 rime drakes
  2 freezing wraiths (D:14)
  2 efreet (D:10)
  4 yaktaurs (D:14)
  2 guardian mummies (D:15)
  2 ancient zymes (Lair:5)
  5 trolls
  4 meliai
  2 polar bears
  A queen bee (Lair:3)
  2 hornets
  11 slime creatures
  16 blink frogs
  5 shadows
  A meliai zombie (D:15)
  Sigmund (D:3)
  3 air elementals
  3 ynoxinuls (Lair:5)
  A spriggan skeleton (D:15)
  8 wraiths
  2 vampires
  A fire bat (Lair:4)
  4 water elementals
  42 yaks
  6 wyverns
  3 fire elementals
  10 basilisks
  2 steam dragons
  A chaos spawn (Lair:5)
  14 vampire mosquitoes
  Menkaure (D:4)
  4 wargs
  A naga (Lair:2)
  2 acid dragons (D:10)
  9 water moccasins
  A hydra simulacrum (Lair:5)
  A black bear (Lair:3)
  2 sky beasts (D:7)
  47 orc warriors
  3 hornet zombies (D:15)
  16 ogres
  10 boggarts
  6 centaurs
  A phantom (D:5)
  2 kobold brigands
  Blork the orc (Orc:2)
  9 bullfrogs
  3 earth elementals (Elf:1)
  3 scorpions
  12 small abominations (Lair:5)
  4 necrophages
  A gnoll sergeant (D:10)
  3 wights (D:10)
  12 killer bees
  8 howler monkeys
  3 electric eels
  7 centaur zombies
  3 hounds
  2 human zombies (Ossuary)
  A jelly (shapeshifter) (Elf:2)
  A gnoll bouda (D:4)
  A komodo dragon simulacrum (Lair:5)
  19 orc priests
  4 jellies
  6 iguanas
  30 orc wizards
  2 polar bear simulacra (D:14)
  5 yak simulacra (D:14)
  3 boggart zombies (D:15)
  A wolf simulacrum (D:14)
  3 mummies (Ossuary)
  7 adders
  13 gnolls
  A shadow imp (D:8)
  2 white imps
  2 ufetubi
  A worm (D:4)
  2 dart slugs
  77 orcs
  4 endoplasms
  2 giant cockroaches
  18 goblins
  20 hobgoblins
  6 jackals
  13 kobolds
  3 quokkas
  3 ball pythons
  4 bats
  A gnoll zombie (Ossuary)
  2 goblin zombies (Ossuary)
  A hobgoblin zombie (Ossuary)
  A kobold zombie (Ossuary)
  4 rats
  3 river rat simulacra (D:14)
  15 fulminant prisms
869 creatures vanquished.

Vanquished Creatures (collateral kills)
  An orc warlord (Orc:2)
  The ghost of Radix the Geomancer, a journeyman GrEE of Vehumet (Orc:1)
  A deep elf death mage (Elf:1)
  A merfolk impaler (D:12)
  2 two-headed ogres (D:15)
  3 dancing weapons
  A flayed ghost (D:15)
  4 deep elf pyromancers
  A deep elf zephyrmancer (Elf:1)
  An orc sorcerer (Elf:1)
  An elephant (Lair:5)
  A centaur zombie (D:15)
  A centaur skeleton (D:14)
  A yaktaur (shapeshifter) (D:15)
  A hornet (Lair:3)
  A slime creature (D:14)
  A spectral dream sheep (Lair:5)
  4 yaks
  A spectral komodo dragon (Lair:5)
  5 orc warriors
  An ogre (shapeshifter) (Elf:1)
  An earth elemental (Elf:2)
  A small abomination (Lair:5)
  A killer bee (Lair:3)
  A howler monkey (D:11)
  An orc priest (Orc:1)
  2 orc wizards (Orc:1)
  13 orcs
  25 fulminant prisms
79 creatures vanquished.

Vanquished Creatures (others)
  A deep elf annihilator (Elf:3)
  An ogre mage (D:14)
  A two-headed ogre (D:15)
  2 deep elf knights
  An orc knight (D:14)
  2 deep elf pyromancers (Elf:2)
  2 deep elf zephyrmancers (Elf:1)
  An elephant (Lair:5)
  A yak (D:11)
  A fire bat (Lair:4)
  2 orc wizards (Orc:1)
  578 fulminant prisms
  25 fungi
  97 plants
  28 withered plants
743 creatures vanquished.

Grand Total: 1691 creatures vanquished

Notes
Turn   | Place    | Note
-------+----------+-------------------------------------------
     0 | D:1      | javelincjr the Djinni Conjurer began the quest for the Orb.
     0 | D:1      | javelincjr set off with the following spells memorised:
                  | Magic Dart, Searing Ray, Dazzling Flash, Fulminant Prism,
                  | Iskenderun's Mystic Blast.
     0 | D:1      | Reached XP level 1. HP: 15/15 MP: 0/0
   403 | D:1      | Reached XP level 2. HP: 9/21 MP: 0/0
   821 | D:1      | Found a faded altar of an unknown god.
   959 | D:1      | Reached XP level 3. HP: 18/25 MP: 0/0
   959 | D:1      | Learned a level 1 spell: Slow
  1802 | D:2      | Reached XP level 4. HP: 26/31 MP: 0/0
  2212 | D:2      | Reached skill level 4 in Spellcasting
  2651 | D:3      | Found a snail-covered altar of Cheibriados.
  2729 | D:3      | Noticed Sigmund
  2739 | D:3      | Killed Sigmund
  2740 | D:3      | Reached skill level 1 in Short Blades
  2740 | D:3      | Reached XP level 5. HP: 28/36 MP: 0/0
  2740 | D:3      | Learned a level 2 spell: Static Discharge
  2740 | D:3      | Reached XP level 6. HP: 31/41 MP: 0/0
  2944 | D:3      | Found a hide-covered altar of Uskayaw.
  3010 | D:3      | Found a shadowy altar of Dithmenos.
  3930 | D:4      | Reached XP level 7. HP: 23/46 MP: 0/0
  3930 | D:4      | Learned a level 2 spell: Passwall
  4117 | D:4      | Reached skill level 5 in Spellcasting
  4415 | D:4      | Noticed Menkaure
  4422 | D:4      | Killed Menkaure
  4423 | D:4      | Reached skill level 1 in Fighting
  4660 | D:4      | Found a hazy altar of Hepliaklqana.
  5639 | D:5      | Entered Level 5 of the Dungeon
  5689 | D:5      | Reached XP level 8. HP: 41/52 MP: 0/0
  5845 | D:5      | Reached skill level 6 in Spellcasting
  5927 | D:5      | Found a sand-covered staircase.
  6047 | Ossuary  | Entered an ossuary
  6317 | Ossuary  | Gained mutation: You are covered in fur. (AC +1) [potion of
                  | mutation]
  6317 | Ossuary  | Gained mutation: You have a pair of small horns on your
                  | head. [potion of mutation]
  6318 | Ossuary  | Lost mutation: You are covered in fur. (AC +1) [potion of
                  | mutation]
  6318 | Ossuary  | Lost mutation: You have a pair of small horns on your head.
                  | [potion of mutation]
  6318 | Ossuary  | Gained mutation: Your spells are a little easier to cast,
                  | but a little less powerful. [potion of mutation]
  6318 | Ossuary  | Gained mutation: You possess an exceptional clarity of
                  | mind. [potion of mutation]
  6318 | Ossuary  | Gained mutation: Potions are less effective at restoring
                  | your health. [potion of mutation]
  6864 | D:5      | Reached skill level 1 in Polearms
  7247 | D:5      | Lost mutation: You possess an exceptional clarity of mind.
                  | [potion of mutation]
  7247 | D:5      | Lost mutation: Your spells are a little easier to cast, but
                  | a little less powerful. [potion of mutation]
  7247 | D:5      | Gained mutation: Your mind is acute. (Int +4, Str/Dex -1)
                  | [potion of mutation]
  7247 | D:5      | Lost mutation: Your mind is acute. (Int +4, Str/Dex -1)
                  | [potion of mutation]
  7344 | D:6      | Noticed SirLogeyBear's ghost (novice HOBe)
  7372 | D:6      | Found a runed translucent gate.
  7372 | D:6      | Found a runed translucent gate.
  7373 | D:6      | Found a runed translucent gate.
  7444 | D:6      | Reached skill level 5 in Dodging
  7745 | D:6      | Found a sacrificial altar of Ru.
  7763 | D:6      | Reached XP level 9. HP: 46/58 MP: 0/0
  7763 | D:6      | Learned a level 4 spell: Olgreb's Toxic Radiance
  7932 | D:6      | Reached skill level 7 in Spellcasting
  8898 | D:6      | Found a staircase to the Ecumenical Temple.
  8905 | Temple   | Entered the Ecumenical Temple
  8905 | Temple   | Found a transporter.
  8905 | Temple   | Found a transporter.
  8907 | Temple   | Found a transporter.
  8907 | Temple   | Found a transporter.
  9413 | D:6      | Killed SirLogeyBear's ghost
  9816 | D:7      | Reached skill level 8 in Spellcasting
  9833 | D:7      | Reached XP level 10. HP: 42/67 MP: 0/0
 10224 | D:7      | Found a glowing silver altar of Zin.
 10709 | D:8      | Noticed a two-headed ogre
 10716 | D:8      | Killed a two-headed ogre
 10717 | D:8      | Reached skill level 9 in Spellcasting
 10889 | D:8      | Identified the ring "Qegism" {rCorr Str-3 Slay+4 SInv}
 10934 | D:8      | Found a white marble altar of Elyvilon.
 10939 | D:8      | Noticed Maurice
 10940 | D:8      | Paralysed by Maurice for 3 turns
 10960 | D:8      | Killed Maurice
 12109 | D:9      | Reached skill level 10 in Spellcasting
 12215 | D:9      | Reached XP level 11. HP: 59/73 MP: 0/0
 12215 | D:9      | Learned a level 4 spell: Dispel Undead
 12467 | D:9      | Found a flagged portal.
 12487 | Bailey   | Entered a bailey
 12811 | Bailey   | Noticed an orc warlord
 12832 | Bailey   | Killed an orc warlord
 12833 | Bailey   | Reached skill level 5 in Stealth
 12833 | Bailey   | Reached skill level 11 in Spellcasting
 12995 | Bailey   | Noticed an orc knight
 13014 | Bailey   | Killed an orc knight
 13524 | D:9      | Found a staircase to the Orcish Mines.
 13524 | D:9      | Found Oniepn's Weapon Boutique.
 13917 | D:10     | Entered Level 10 of the Dungeon
 14003 | D:10     | Found a blossoming altar of Fedhas.
 14093 | D:10     | Noticed a two-headed ogre
 14123 | D:10     | Killed a two-headed ogre
 14124 | D:10     | Reached skill level 1 in Armour
 14433 | D:10     | Found a runed translucent door.
 14434 | D:10     | Noticed a centaur warrior
 14435 | D:10     | Noticed a two-headed ogre
 14436 | D:10     | Found a runed translucent door.
 14436 | D:10     | Found a runed translucent door.
 14436 | D:10     | Noticed a centaur warrior
 14470 | D:10     | Found a stormy altar of Qazlal.
 14478 | D:10     | Became a worshipper of Qazlal Stormbringer
 14513 | D:10     | Reached skill level 1 in Throwing
 14527 | D:10     | Noticed a two-headed ogre
 14536 | D:10     | Killed a two-headed ogre
 14537 | D:10     | Reached XP level 12. HP: 47/78 MP: 0/0
 14717 | D:10     | Reached skill level 12 in Spellcasting
 14925 | D:10     | Noticed a catoblepas
 14957 | D:10     | Killed a catoblepas
 14994 | D:10     | Reached skill level 5 in Armour
 14994 | D:10     | Reached XP level 13. HP: 83/83 MP: 0/0
 14994 | D:10     | Learned a level 5 spell: Summon Mana Viper
 15031 | D:10     | Noticed a boulder beetle
 15049 | D:10     | Killed a boulder beetle
 15116 | D:10     | Noticed a boulder beetle
 15141 | D:10     | Killed a boulder beetle
 15164 | D:10     | Reached skill level 13 in Spellcasting
 15372 | D:10     | Lost mutation: Potions are less effective at restoring your
                  | health. [potion of mutation]
 15372 | D:10     | Gained mutation: You are clumsy. (Dex -2) [potion of
                  | mutation]
 15372 | D:10     | Gained mutation: You possess an exceptional clarity of
                  | mind. [potion of mutation]
 15392 | D:10     | Noticed a six-headed hydra
 15401 | D:10     | Killed a six-headed hydra
 15661 | D:10     | Found a runed translucent door.
 15779 | D:10     | Reached * piety under Qazlal
 15782 | D:10     | Noticed a catoblepas
 15804 | D:10     | Killed a catoblepas
 15953 | D:10     | Noticed an ogre mage
 15963 | D:10     | Killed an ogre mage
 16169 | D:10     | Found a staircase to the Lair.
 16286 | D:10     | Found a runed translucent gate.
 16286 | D:10     | Found a runed translucent gate.
 16286 | D:10     | Found a runed translucent gate.
 16286 | D:10     | Noticed plokij's ghost (journeyman MiFi)
 16291 | D:10     | Found a viscous altar of Jiyva.
 16341 | D:10     | Noticed Nergalle
 16354 | D:10     | Killed Nergalle
 16993 | D:10     | Killed plokij's ghost
 17499 | D:11     | Reached ** piety under Qazlal
 17515 | D:11     | Reached skill level 14 in Spellcasting
 17674 | D:11     | Noticed Harold
 17696 | D:11     | Killed Harold
 18215 | D:11     | Found a sparkling altar of Nemelex Xobeh.
 18279 | D:11     | Reached XP level 14. HP: 43/89 MP: 0/0
 19768 | D:12     | Identified the +10 hand axe "Dragon's Nightmare" {drain,
                  | Will+}
 19909 | D:12     | Found a runed translucent gate.
 19909 | D:12     | Found a runed translucent gate.
 19909 | D:12     | Found a runed translucent gate.
 19911 | D:12     | Identified the +8 glaive of Wealth {vorpal, rElec rPois rF-
                  | Str+4}
 19912 | D:12     | Noticed fishmans's ghost (journeyman GrFi)
 19916 | D:12     | Found an iron altar of Okawaru.
 20794 | D:12     | Killed fishmans's ghost
 20795 | D:12     | Reached skill level 1 in Shields
 21488 | D:13     | Reached skill level 15 in Spellcasting
 22219 | D:13     | Reached skill level 1 in Axes
 22562 | D:14     | Reached *** piety under Qazlal
 23947 | D:14     | Found a gate to the Vaults.
 24482 | D:14     | Reached **** piety under Qazlal
 24496 | D:14     | Reached XP level 15. HP: 48/95 MP: 0/0
 24496 | D:14     | Learned a level 6 spell: Eringya's Noxious Bog
 25116 | D:14     | Reached skill level 16 in Spellcasting
 25641 | D:15     | Entered Level 15 of the Dungeon
 26071 | D:15     | Reached skill level 5 in Fighting
 27105 | D:15     | Reached skill level 17 in Spellcasting
 27954 | D:15     | Found a staircase to the Depths.
 27978 | D:15     | Reached skill level 1 in Evocations
 28002 | D:15     | Reached XP level 16. HP: 53/103 MP: 0/0
 28299 | D:15     | Reached ***** piety under Qazlal
 29108 | Lair:1   | Entered Level 1 of the Lair of Beasts
 29412 | Lair:1   | Identified a scroll of acquirement
 29424 | Lair:1   | Acquired a +1 hat
 30200 | Lair:2   | Noticed Urug
 30209 | Lair:2   | Killed Urug
 31049 | Lair:2   | Noticed Fannar
 31068 | Lair:2   | Killed Fannar
 31578 | Lair:2   | Found a staircase to the Snake Pit.
 31580 | Lair:2   | You are sucked into a shaft and drop 2 floors!
 31587 | Lair:4   | Reached skill level 18 in Spellcasting
 32021 | Lair:3   | Upgraded the game from 0.29.1-4-g47bece8355 to
                  | 0.29.1-12-g30fa7ad0bf
 32021 | Lair:3   | Noticed Jingleheimer's ghost (journeyman HOGl)
 32095 | Lair:3   | Found a transporter.
 32095 | Lair:3   | Found a transporter.
 32176 | Lair:3   | Killed Jingleheimer's ghost
 32733 | Lair:3   | Found a staircase to the Swamp.
 33044 | Lair:4   | Found a viscous altar of Jiyva.
 33045 | Lair:4   | Found a staircase to the Slime Pits.
 33691 | Lair:4   | Found a runed translucent door.
 33691 | Lair:4   | Noticed DandyGuy's ghost (journeyman MiBe)
 33720 | Lair:4   | Killed DandyGuy's ghost
 34007 | Lair:5   | Entered Level 5 of the Lair of Beasts
 34127 | Lair:5   | Noticed Snorg
 34133 | Lair:5   | Killed Snorg
 34996 | Lair:5   | Found a runed translucent gate.
 34996 | Lair:5   | Found a runed translucent gate.
 34996 | Lair:5   | Found a runed translucent gate.
 34998 | Lair:5   | Noticed sanboga's ghost (journeyman TrBe)
 35058 | Lair:5   | Killed sanboga's ghost
 35566 | Lair:5   | Reached XP level 17. HP: 103/109 MP: 0/0
 35566 | Lair:5   | Learned a level 7 spell: Ozocubu's Refrigeration
 35647 | Lair:5   | Reached ****** piety under Qazlal
 37624 | Lair:5   | Found a corrupted altar of Lugonu.
 37624 | Lair:5   | Found a one-way gate to the infinite horrors of the Abyss.
 37627 | Lair:5   | Reached skill level 19 in Spellcasting
 37940 | Orc:1    | Entered Level 1 of the Orcish Mines
 38487 | Orc:1    | Found a runed translucent door.
 38495 | Orc:1    | Noticed Radix's ghost (journeyman GrEE)
 38544 | Orc:1    | Killed Radix's ghost
 38851 | Orc:2    | Entered Level 2 of the Orcish Mines
 39199 | Orc:2    | Noticed Blork the orc
 39202 | Orc:2    | Killed Blork the orc
 39271 | Orc:2    | Found Paixt's General Store.
 39284 | Orc:2    | Found Suonuu Solu's Antique Weapon Emporium.
 39327 | Orc:2    | Found Leozoryn's Antique Armour Emporium.
 39342 | Orc:2    | Found Watieg's Book Emporium.
 39602 | Orc:2    | Found a staircase to the Elven Halls.
 40015 | Orc:2    | Bought a potion of haste for 120 gold pieces
 40015 | Orc:2    | Bought a potion of curing for 36 gold pieces
 40015 | Orc:2    | Bought a potion of curing for 36 gold pieces
 40015 | Orc:2    | Bought a scroll of teleportation for 36 gold pieces
 40073 | Elf:1    | Entered Level 1 of the Elven Halls
 40073 | Elf:1    | Noticed a tentacled starspawn
 40082 | Elf:1    | Noticed SirLogeyBear's ghost (journeyman HOBe)
 40088 | Elf:1    | Noticed a tentacled monstrosity
 40088 | Elf:1    | Noticed a deep elf blademaster
 40098 | Elf:1    | Found a transporter.
 40291 | Elf:1    | Paralysed by an air elemental for 1 turns
 40437 | Elf:1    | Acquired the +2 hat of Dishonour {rF+ rC+ rN++ Stlth-}
 40565 | Elf:1    | You are sucked into a shaft and drop 1 floor!
 40565 | Elf:2    | Noticed a deep elf blademaster
 40568 | Elf:2    | Reached skill level 10 in Dodging
 40570 | Elf:2    | Reached skill level 20 in Spellcasting
 40570 | Elf:2    | Reached XP level 18. HP: 100/114 MP: 0/0
 40583 | Elf:2    | Killed a deep elf blademaster
 40712 | Elf:2    | Found a runed translucent gate.
 40712 | Elf:2    | Found a runed translucent gate.
 40713 | Elf:2    | Found a runed translucent gate.
 41103 | Elf:1    | Noticed Aizul
 41109 | Elf:1    | Killed Aizul
 41280 | Elf:1    | Noticed a Hell Sentinel
 41293 | Elf:1    | Found a transporter.
 41479 | Elf:1    | Reached skill level 21 in Spellcasting
 41963 | Elf:2    | Paralysed by an air elemental for 1 turns
 42213 | Elf:2    | Found Paeqadats's Jewellery Emporium.
 42224 | Elf:2    | Bought an amulet of regeneration for 540 gold pieces
 42381 | Elf:3    | Entered Level 3 of the Elven Halls
 42381 | Elf:3    | Found Jubragh's Jewellery Shop.
 42392 | Elf:3    | Bought the amulet "Waabb" {Faith +Inv rElec rF+} for 884
                  | gold pieces
 42731 | Elf:3    | Noticed a deep elf blademaster
 42733 | Elf:3    | Reached XP level 19. HP: 64/118 MP: 0/0
 42733 | Elf:3    | Learned a level 6 spell: Iron Shot
 42739 | Elf:3    | Noticed a deep elf blademaster
 42742 | Elf:3    | HP: 4/118 [deep elf sorcerer/bolt of acid (19)]
 42867 | Elf:2    | Killed a deep elf blademaster
 42937 | Elf:3    | Killed a deep elf blademaster
 42967 | Elf:3    | Gained mutation: You are weak. (Str -2) [a neqoxec]
 42971 | Elf:3    | Shot with an arrow by a deep elf master archer

Illustrated notes

Levels and vault maps discovered:
D:1:      co_arrival_two_rings, layout_basic, hellmonk_ecumenical_altar_run_dry
D:2:      layout_loops_ring, roderic_filled_cross, minivault_23,
          chequers_serial_rivers_micro_c
D:3:      layout_basic, lemuel_crystal_altar, mainiacjoe_overflow_paths,
          cheibriados_altar_1, uniq_sigmund
D:4:      layout_gridville, lemuel_doored_altar, uniq_menkaure
D:5:      layout_loops_cross, nicolae_ossuary_entry_monument, minmay_circle_x
D:6:      layout_rooms, mainiacjoe_overflow_tiny_flanked,
          minmay_temple_entry_enclosed_plants, gammafunk_ghost_split
D:7:      layout_loops_cross, general_overflow_altar
D:8:      layout_layer_cave, elyvilon_altar_3, uniq_maurice
D:9:      layout_basic, orc_david_3, enter_bailey_4
D:10:     minmay_the_grid_four_pointed_star
          [minmay_the_grid_triangle_9x9_subtriangle,
          minmay_the_grid_triangle_9x9_fully_insulated_deathbox,
          minmay_the_grid_triangle_9x9_checkered,
          minmay_the_grid_triangle_9x9_skeleton,
          minmay_the_grid_prize_four_corners], layout_layer_cave, minitemple,
          fedhas_altar_3, amcnicky_altar_gilded, gammafunk_ghost_ooze,
          uniq_nergalle
D:11:     layout_rooms, minmay_misc_feat_iff, nemelex_diamond_rough_becter,
          uniq_harold
D:12:     layout_stronghold, gammafunk_ghost_fury_of_okawaru,
          serial_bayou_lagoon_a, grunt_ministairs_12, evilmike_butchery
D:13:     layout_roguey
D:14:     layout_irregular_city, hangedman_vaults_entry_quadrant_bands,
          chequers_jeans, eino_house_with_fridge
D:15:     gammafunk_depths_entry_grave, layout_basic, serial_undead,
          serial_undead_d, serial_undead_b, serial_undead_f, serial_undead_f,
          serial_undead_e, serial_undead_d, serial_undead_d, serial_undead_e,
          serial_undead_f, serial_undead_b
Temple:   hellmonk_temple_divided_pantheon
Lair:1:   layout_chaotic_city, lemuel_fruit_tree, serial_bayou_shore_b
Lair:2:   layout_roguey, guppyfry_snake_entry_garden, serial_bayou_shore_a,
          infiniplex_staircase_pool_2, serial_bayou_shore_b, uniq_fannar,
          uniq_urug
Lair:3:   layout_big_grid, skrybe_swamp_entry_bodies, gammafunk_ghost_hive,
          serial_bayou_shore_b
Lair:4:   layout_gridlike, slime_entry_1, gammafunk_ghost_grave
Lair:5:   hellmonk_lair_end_abyssal_woods, layout_layer_cave,
          gammafunk_ghost_necromancy, infiniplex_staircase_pool, uniq_snorg
Orc:1:    layout_caves, hellmonk_ghost_happy_afterlife
Orc:2:    grunt_orc_cross, layout_diamond_mine
Elf:1:    hangedman_cross_veins, layout_geoelf_octagon,
          gammafunk_ghost_abyssal_escape, evilmike_minifort, uniq_aizul
Elf:2:    elven_hall_of_blades_hangedman_original [grunt_blade_entry_basic],
          layout_rooms, serial_shops, nicolae_shop_competitors_out_of_business,
          nicolae_twisting_strands
Elf:3:    grunt_elf_hall_branching, layout_geoelf_castle, serial_shops, shop,
          minivault_16, nrook_uturn, hex_intersection

Skill      XL: |  1  2  3  4  5  6  7  8  9 10 11 12 13 14 15 16 17 18 |
---------------+-------------------------------------------------------+-----
Stealth        | 2 3 4 5 6 |  6.5
Spellcasting   | 4 5 6 8 10 11 12 14 15 17 18 20 21 | 21.4
Short Blades   | 1 |  1.8
Dodging        | 3 4 5 6 7 8 9 10 | 10.4
Fighting       | 1 2 3 4 5 6 |  6.3
Polearms       | 1 2 |  2.4
Armour         | 2 5 6 7 |  7.8
Throwing       | 1 2 3 4 |  4.2
Shields        | 1 2 3 |  3.3
Axes           | 2 3 |  3.7
Evocations     | 1 |  1.6

Action                   |  1- 3 |  4- 6 |  7- 9 | 10-12 | 13-15 | 16-18 | 19-21 || total
-------------------------+-------+-------+-------+-------+-------+-------+-------++-------
Melee: Dagger            |    55 |    15 |       |       |       |       |       ||    70
       Punch             |     1 |       |       |       |       |       |       ||     1
       Spear             |       |     2 |    19 |    19 |    10 |       |       ||    50
       Hand axe          |       |       |       |       |    30 |    85 |       ||   115
Throw: Boomerang         |       |       |       |    11 |    14 |    13 |       ||    38
 Cast: Magic Dart        |    13 |    20 |    36 |    50 |    30 |    49 |     5 ||   203
       Searing Ray       |    10 |     8 |    43 |    18 |    24 |    13 |       ||   116
       Fulminant Prism   |       |     7 |    39 |    81 |   194 |   285 |    13 ||   619
       Iskenderun's Myst |       |       |    16 |     9 |   176 |   287 |     6 ||   494
       Slow              |       |       |     2 |     2 |    20 |     6 |       ||    30
       Olgreb's Toxic Ra |       |       |     1 |     1 |     4 |     5 |       ||    11
       Summon Mana Viper |       |       |       |       |     8 |    14 |       ||    22
       Passwall          |       |       |       |       |     2 |       |       ||     2
       Dispel Undead     |       |       |       |       |     5 |       |       ||     5
       Eringya's Noxious |       |       |       |       |     2 |     3 |     1 ||     6
       Ozocubu's Refrige |       |       |       |       |       |     1 |       ||     1
       Iron Shot         |       |       |       |       |       |       |     4 ||     4
Evoke: Phial of floods   |       |       |       |       |     1 |     1 |       ||     2
       Condenser vane    |       |       |       |       |     1 |     1 |       ||     2
       Box of beasts     |       |       |       |       |     1 |       |       ||     1
       Wand              |       |       |       |       |       |     1 |       ||     1
  Use: Scroll            |     5 |       |     8 |    10 |     7 |     9 |     2 ||    41
       Potion            |     4 |       |     4 |     2 |     4 |     4 |       ||    18
 Stab: Sleeping          |     2 |       |       |       |       |       |       ||     2
       Invisible         |     1 |       |       |       |       |       |       ||     1
       Confused          |       |       |       |       |       |     2 |       ||     2
       Distracted        |       |       |       |       |       |     1 |       ||     1
Armor: Robe              |    18 |     5 |    12 |     5 |       |       |       ||    40
       Leather armour    |       |       |       |     1 |    46 |    13 |       ||    60
       Troll leather arm |       |       |       |       |       |    13 |     5 ||    18
Dodge: Dodged            |    52 |    15 |    61 |    18 |    79 |   116 |     5 ||   346
       Repelled          |       |       |       |       |       |     3 |       ||     3
Block: Orb               |       |       |       |       |    15 |    53 |     5 ||    73
